 Dungeon Crawl Stone Soup version 0.28.0-43-g3370ac3207 (webtiles) character file.

Game seed: 15486052374732743241

32 pkoi the Gusty (level 2, -7/30 HPs)
             Began as a Demigod Air Elementalist on Mar 29, 2022.
             Mangled by an ogre
             ... wielding a +0 giant club
              (11 damage)
             ... on level 4 of the Dungeon.
             The game lasted 00:02:29 (1946 turns).

pkoi the Gusty (Demigod Air Elementalist)           Turns: 1946, Time: 00:02:30

Health: -7/30      AC: 21    Str:  9    XL:     2   Next: 93%
Magic:  3/7        EV:  2    Int: 23    God:
Gold:   62         SH:  0    Dex: 14    Spells: 3/4 levels left

rFire   . . .      SeeInvis .   b - staff of poison
rCold   . . .      Faith    .   (no shield)
rNeg    . . .      Spirit   .   (armour currently unavailable)
rPois   +          Reflect  .   (helmet currently unavailable)
rElec   .          Harm     .   (cloak currently unavailable)
rCorr   .          Rampage  .   (gloves currently unavailable)
Will    .....      NoTele   +   (boots currently unavailable)
Stlth   ++........              (no amulet)
HPRegen 0.10/turn               f - +6 ring of intelligence
MPRegen 0.10/turn               (no ring)

@: tree-form
A: stationary, stasis, torment immunity, boosted hp, high MP 1, forlorn, divine
attributes
a: no special abilities


You were on level 4 of the Dungeon.
You were a tree.
You visited 2 branches of the dungeon, and saw 4 of its levels.

You collected 62 gold pieces.

Inventory:

Hand Weapons
 h - a +0 dagger
Missiles
 e - 2 boomerangs
Armour
 a - a +0 robe (melded)
 c - a +2 pair of boots (melded)
Magical Staves
 b - a staff of poison (weapon)
Jewellery
 f - a +6 ring of intelligence (left branch)
 j - an amulet of guardian spirit
Scrolls
 g - a scroll of identify {unknown}


   Skills:
 - Level 1.7 Dodging
 - Level 1.7 Stealth
 - Level 1.7 Spellcasting
 - Level 0.8 Conjurations
 + Level 3.9 Air Magic


You had 3 spell levels left.
You knew the following spells:

 Your Spells              Type           Power      Damage    Failure   Level
a - Shock                 Conj/Air       52%        1d6       4%          1

Your spell library contained the following spells:

 Spells                   Type           Power      Damage    Failure   Level
 Static Discharge         Conj/Air       13%        N/A       8%          2
 Swiftness                Air            20%        N/A       8%          3
 Airstrike                Air            10%        N/A       26%         4
 Olgreb's Toxic Radiance  Pois           3%         N/A       78%         4
 Ozocubu's Refrigeration  Ice            1%         4d5       100%        7
 Ignition                 Fire           1%         3d3       100%        8


Dungeon Overview and Level Annotations

Branches:
Dungeon (4/15)             Temple (1/1) D:4

Annotations:
D:2 Sigmund


Innate Abilities, Weirdness & Mutations

You are a tree.
Your roots penetrate the ground, keeping you stationary.
You cannot be teleported.
You are immune to unholy pain and torment.
Your maximum health is greatly increased.
Your equipment is partially melded.
You have an increased reservoir of magic. (+10% MP)
You shall have no god before yourself.
Your divine heritage dramatically boosts your attributes as you level up.


Message History

Casting: Shock (safe; 4% risk of failure)
Confirm with . or Enter, or press ? or * to list all spells.
Aiming: Shock (safe; 4% risk of failure)
Press: ? - help, Shift-Dir - straight line The zap hits the ogre.
The ogre is lightly wounded.
The zap hits the ogre.
The ogre is lightly wounded.
The ogre shouts!
The ogre hits you but does no damage.
Casting: Shock (safe; 4% risk of failure)
Confirm with . or Enter, or press ? or * to list all spells.
Aiming: Shock (safe; 4% risk of failure)
Press: ? - help, Shift-Dir - straight line The zap hits the ogre.
The ogre is lightly wounded.
The zap hits the ogre.
The ogre is moderately wounded.
The ogre hits you with a +0 giant club!!
Ouch! That really hurt!
* * * LOW HITPOINT WARNING * * *
Casting: Shock (safe; 4% risk of failure)
Confirm with . or Enter, or press ? or * to list all spells.
Aiming: Shock (safe; 4% risk of failure)
Press: ? - help, Shift-Dir - straight line The zap hits the ogre.
The ogre is moderately wounded.
The zap misses the ogre.
The ogre hits you with a +0 giant club.
* * * LOW HITPOINT WARNING * * *
Unknown command.
Casting: Shock (safe; 4% risk of failure)
Confirm with . or Enter, or press ? or * to list all spells.
Aiming: Shock (safe; 4% risk of failure)
Press: ? - help, Shift-Dir - straight line The zap hits the ogre.
The ogre is heavily wounded.
The zap hits the ogre.
The ogre is heavily wounded.
The ogre hits you with a +0 giant club!
You die...

.........##..#
..........P.P#
..............##.####
..............P#...#P##
.................>....#
..............P#.).#P.#
...............##.###.#
.............###P.P...#
.............###♣.#.###
...............O....#
.#........###########
..........# )#........#
#........# ..........#
.#..#.....# ....#.....#


You could see an ogre.

Vanquished Creatures
  An adder (D:2)
  2 worms (D:2)
  An endoplasm (D:2)
  A giant cockroach (D:2)
  2 goblins
  3 hobgoblins
  2 ball pythons (D:2)
  2 bats
  A frilled lizard (D:2)
  3 rats
18 creatures vanquished.

Notes
Turn   | Place    | Note
-------+----------+-------------------------------------------
     0 | D:1      | pkoi the Demigod Air Elementalist began the quest for the
                  | Orb.
     0 | D:1      | Reached XP level 1. HP: 14/14 MP: 5/5
   551 | D:2      | Reached skill level 3 in Air Magic
   664 | D:2      | Reached XP level 2. HP: 20/20 MP: 0/7
  1205 | D:2      | Noticed Sigmund
  1710 | D:2      | You fall into a shaft and drop 2 floors!
  1710 | D:4      | Found a staircase to the Ecumenical Temple.
  1716 | Temple   | Entered the Ecumenical Temple
  1925 | D:4      | Noticed an ogre
  1942 | D:4      | Noticed an ogre
  1946 | D:4      | Mangled by an ogre

Illustrated notes

Levels and vault maps discovered:
D:1:      sevenhm_arrival_forest_fort_small_4, layout_basic,
          shapermc_ecumenical_altar_acropolis, hangedman_decor_clover_reticule,
          serial_park_tiny_2
D:2:      layout_basic, basic_altar, corexii_item_surrounded_by_moat,
          uniq_sigmund
D:4:      layout_basic, minmay_temple_entry_gardened_gates, minmay_ruined_shrine
Temple:   regret_index_temple_sphere_string

Skill      XL: |  1 |
---------------+----+-----
Air Magic      | 3 |  3.9
Dodging        | |  1.7
Stealth        | |  1.7
Spellcasting   | |  1.7
Conjurations   | |  0.8

Action                   || total
-------------------------++-------
Melee: Staff             ||    18
 Cast: Shock             ||    40
  Use: Potion            ||     2
       Scroll            ||     1
 Stab: Sleeping          ||     1
Armor: Robe              ||    10
       Skin              ||     1
Dodge: Dodged            ||    13
